 Dungeon Crawl Stone Soup version 0.18-a0-270-ga9d907f (webtiles) character file.

2010 Raultor the Quickloader (level 9, -3/72 HPs)
             Began as a Centaur Hunter on Nov 26, 2015.
             Was a Follower of Okawaru.
             Slain by a killer bee (5 damage)
             ... on level 7 of the Dungeon.
             The game lasted 00:18:16 (5990 turns).

Raultor the Quickloader (Centaur Hunter)            Turns: 5990, Time: 00:18:16

Health: -3/72      AC:  6    Str: 17    XL:     9   Next: 2%
Magic:  9/9        EV:  9    Int: 10    God:    Okawaru [*.....]
Gold:   199        SH:  0    Dex: 11    Spells: 0 memorised, 8 levels left

rFire  . . .     SeeInvis .     b - +0 short sword
rCold  . . .     Clarity  .     g - +0 ring mail
rNeg   . . .     SustAt   .     (no shield)
rPois  .         Gourm    .     (no helmet)
rElec  .         Spirit   .     (no cloak)
rCorr  .         Warding  .     (no gloves)
rMut   .         Stasis   .     (no barding)
MR     .....                    u - amulet of regeneration
Stlth  ..........               (no ring)
                                (no ring)

@: lethally poisoned (-3 -> -11), very quick, not resistant to hostile
enchantments, extremely unstealthy
A: hooves 3, deformed body, speed 2, tough skin 3
a: Heroism, Renounce Religion


You were on level 7 of the Dungeon.
You worshipped Okawaru.
Okawaru was aware of your devotion.
You were hungry.

You visited 2 branches of the dungeon, and saw 8 of its levels.

You collected 199 gold pieces.

Inventory:

Hand Weapons
 a - a +1 hand crossbow
 b - a +0 short sword (weapon)
Armour
 g - a +0 ring mail (worn)
 v - a +0 chain mail
 y - a +0 shield
Jewellery
 u - an amulet of regeneration (around neck)
Scrolls
 c - 2 scrolls of fog {unknown}
 i - 3 scrolls of identify {unknown}
 j - a scroll of teleportation {unknown}
 k - a scroll of enchant weapon {unknown}
 l - 2 scrolls of recharging {unknown}
 m - 2 scrolls of fear {unknown}
 o - 4 scrolls of remove curse {unknown}
 t - a scroll of blinking {unknown}
 E - a scroll of immolation {unknown}
Potions
 f - a potion of invisibility
 h - 3 potions of cancellation {unknown}
 q - a potion of cure mutation {unknown}
 s - a potion of haste {unknown}
 w - 6 potions of curing {unknown}
 x - a potion of agility
 z - a potion of degeneration {unknown}
 A - a potion of mutation {unknown}
 C - a potion of heal wounds {unknown}
 D - a potion of ambrosia {unknown}
 G - a potion of brilliance {unknown}
 H - 2 potions of poison {unknown}
Comestibles
 e - 4 bread rations
 n - 3 slices of pizza
 p - 3 beef jerkies
 B - 2 meat rations
 F - 2 fruits


   Skills:
 + Level 4.4 Fighting
 - Level 10.2 Crossbows
 + Level 4.8 Armour
 - Level 2.1 Dodging
 - Level 0.5 Stealth
 + Level 0.8 Shields


You had 8 spell levels left.
You didn't know any spells.

Dungeon Overview and Level Annotations

Branches:
Dungeon (7/15)             Temple (1/1) D:5

Altars:
Cheibriados
Elyvilon
Fedhas
Gozag
Kikubaaqudgha
Nemelex Xobeh
Okawaru
Ru
Sif Muna
Trog
Yredelemnul
Zin
The Shining One

Annotations:
D:5 herpmino's ghost, novice FoFi
D:6 endege's ghost, novice MiFi


Innate Abilities, Weirdness & Mutations

You have hooves in place of feet.
Armour fits poorly on your strangely shaped body.
You cover ground very quickly.
You have extremely tough skin (AC +3).


Message History

The killer bee stings you.
* * * LOW HITPOINT WARNING * * *
The killer bee closely misses you.
The killer bee stings you but does no damage.
The killer bee stings you.
* * * LOW HITPOINT WARNING * * *
A kobold comes into view. It is wielding a short sword.
You feel sick.
The kobold shouts!
The killer bee stings you.
* * * LOW HITPOINT WARNING * * *
You are more poisoned.
The killer bee poisons you! The killer bee barely misses you.
The killer bee barely misses you. The kobold closely misses you.
The killer bee barely misses you.
You feel sick. The killer bee stings you.
* * * LOW HITPOINT WARNING * * *
You are more poisoned.
The killer bee poisons you! The killer bee stings you.
You die...

! # .. #. ###
... ##.##.. ....
#....K#### .....
#...(.yK<#......
#....@yK......#
#....K####....#
#...... ....#
#....### #+##
#.... #....
#####


You could see a big kobold, 2 killer bees and 3 kobolds.

Vanquished Creatures
  The ghost of endege the Poker, an amateur MiFi (D:3)
  Prince Ribbit (D:5)
  Menkaure (D:5)
  An orc warrior (D:7)
  3 ogres
  2 ice beasts
  A phantom (D:4)
  A centaur (D:6)
  2 giant frogs (D:6)
  A giant frog zombie (D:7)
  A crimson imp (D:6)
  An orc wizard (D:3)
  3 orc priests
  4 hounds
  An iguana (D:6)
  3 worker ants (D:4)
  A hound zombie (D:6)
  13 adders
  An ooze (D:1)
  2 adder skeletons (D:5)
  4 worms
  2 giant geckos
  11 orcs
  3 giant cockroaches
  7 hobgoblins
  2 quokkas
  3 ball pythons
  8 bats
  A giant gecko skeleton (D:4)
  8 giant newts
  5 goblins
  8 jackals
  4 kobolds
  9 rats
119 creatures vanquished.

Notes
Turn   | Place    | Note
--------------------------------------------------------------
     0 | D:1      | Raultor the Centaur Hunter began the quest for the Orb.
     0 | D:1      | Reached XP level 1. HP: 17/17 MP: 1/1
   173 | D:1      | Reached XP level 2. HP: 21/24 MP: 2/2
   287 | D:1      | Reached skill level 5 in Crossbows
   689 | D:2      | Reached XP level 3. HP: 13/29 MP: 3/3
  1954 | D:3      | Found a deep blue altar of Sif Muna.
  2001 | D:3      | Reached skill level 1 in Armour
  2001 | D:3      | Reached XP level 4. HP: 4/36 MP: 4/4
  2396 | D:3      | Found a white marble altar of Elyvilon.
  2615 | D:3      | Reached XP level 5. HP: 41/41 MP: 5/5
  2831 | D:3      | Noticed endege's ghost (amateur MiFi)
  2896 | D:3      | Noticed an ogre
  2928 | D:3      | Killed an ogre
  2928 | D:3      | Reached skill level 6 in Crossbows
  2986 | D:3      | Killed endege's ghost
  2986 | D:3      | Reached skill level 7 in Crossbows
  2986 | D:3      | Reached XP level 6. HP: 34/50 MP: 6/6
  3299 | D:3      | Reached XP level 7. HP: 56/56 MP: 7/7
  3704 | D:4      | Reached skill level 8 in Crossbows
  4229 | D:4      | Reached skill level 9 in Crossbows
  4284 | D:4      | Found a sparkling altar of Nemelex Xobeh.
  4374 | D:5      | Entered Level 5 of the Dungeon
  4389 | D:5      | Found a bloodstained altar of Trog.
  4415 | D:5      | Noticed Prince Ribbit
  4464 | D:5      | Killed Prince Ribbit
  4464 | D:5      | Reached XP level 8. HP: 35/63 MP: 8/8
  4547 | D:5      | Found a staircase to the Ecumenical Temple.
  4588 | Temple   | Entered the Ecumenical Temple
  4620 | Temple   | Became a worshipper of Warmaster Okawaru
  4729 | D:5      | Noticed Menkaure
  4736 | D:5      | Killed Menkaure
  5007 | D:5      | Noticed herpmino's ghost (novice FoFi)
  5039 | D:6      | Reached skill level 10 in Crossbows
  5373 | D:6      | Noticed endege's ghost (novice MiFi)
  5463 | D:6      | Found a snail-covered altar of Cheibriados.
  5688 | D:7      | Reached * piety under Okawaru
  5709 | D:7      | Reached XP level 9. HP: 18/72 MP: 7/9
  5990 | D:7      | HP: 2/72 [killer bee (2)]
  5990 | D:7      | Slain by a killer bee

Vault maps used:
D:1:      dpeg_arrival_pits, minmay_strange_pillars
D:3:      lemuel_round_altar, elyvilon_altar_3
D:4:      kennysheep_mini
D:5:      old_standard_altar, minmay_temple_entry_poolview, first_bread,
          uniq_prince_ribbit1, uniq_menkaure, uniq_crazy_yiuf_cottage
D:6:      lemuel_crystal_altar, nicolae_overflow_crystal_walls,
          gup_sewer_entry_bubbles, grunt_ministairs_2
D:7:      makhleb_altar_promises_db, marbit_many_paths, serial_shops,
          shop_statue
Temple:   cyrus_temple_forest_13

Action                   |  1- 3 |  4- 6 |  7- 9 || total
-------------------------+-------+-------+-------++-------
Melee: Short sword       |   101 |    58 |   343 ||   502
 Fire: Hand crossbow     |    47 |    68 |   104 ||   219
Throw: Throwing net      |       |       |     4 ||     4
Invok: Heroism           |       |       |     1 ||     1
 Stab: Held in net/web   |       |       |     1 ||     1
  Eat: Chunk             |     2 |     4 |     7 ||    13
